 Dungeon Crawl Stone Soup version 0.32-a0-350-g4f4d228785 (webtiles) character file.

Game seed: 13466086929487597447

1055837 oldriver the Archmage (level 27, -3/249 HPs)
             Began as a Demonspawn Conjurer on Feb 17, 2024.
             Was an Initiate of Gozag.
             Slain by a tainted leviathan (11 damage)
             ... on level 18 of a ziggurat on Feb 18, 2024.
             The game lasted 06:10:24 (168631 turns).

oldriver the Archmage (Demonspawn Conjurer)       Turns: 168631, Time: 06:10:25

Health: -3/249     AC: 43    Str: 12    XL:     27
Magic:  60/63      EV: 19    Int: 42    God:    Gozag
Gold:   11503      SH: 12    Dex: 25    Spells: 20/80 levels left

rFire   + + .        X - +3 dagger of the Dragonfly {holy, rPois rF+ rC+ rN+}
rCold   + . .        e - +3 buckler {rC+ rF+}
rNeg    + + +        z - +12 pearl dragon scales of Indecent Exposure {*Corrode rN+ Regen+ Int+2 Dex+5}
rPois   +            f - +2 helmet {SInv}
rElec   +            W - +2 cloak {rCorr}
rCorr   +            o - +2 pair of gloves of Duck's Teeth {Int+3}
SInv    +            (boots unavailable)
Will    +++++        y - amulet of Finaon {RegenMP +Blink rElec rN+ Stlth-}
Stlth   +++++        R - ring of Zeurif {rElec rPois Will++ Int+6 Stlth+}
HPRegen 1.41/turn    U - ring of the Endless Expanse {rElec MP+9 Str+3 Int+2}
MPRegen 0.78/turn

%: corrode self (3%)
@: gold aura, enlightened, flying, hasted and slowed, studying 3 skills
A: hooves 3, thin skeletal structure 3, foul stench 3, spiny 3, augmentation 3,
cold vulnerability 1, MP-powered wands
}: 9/15 runes: barnacled, slimy, silver, demonic, glowing, magical, fiery, dark,
gossamer
a: Renounce Religion, Evoke Blink, Potion Petition, Call Merchant, Bribe Branch


You were on level 18 of a ziggurat.
You worshipped Gozag.
Gozag was extremely pleased with you.
You visited 13 branches of the dungeon, and saw 57 of its levels.
You visited Pandemonium 3 times, and saw 14 of its levels.
You visited the Abyss 1 time.
You visited 1 bazaar.
You visited 1 ziggurat, and saw 18 of its levels.
You also visited: Bailey.

You collected 51007 gold pieces.
You spent 15106 gold pieces at shops.
You paid 24398 gold pieces to Gozag.

Inventory:

Hand Weapons
 F - the +6 sword of Cerebov {flame}
   (You took it off Cerebov in Pandemonium)
 J - the +1 eveningstar of the Heart {flame, *Noise rF++ rN+++}
   (You bought it in a shop on level 2 of the Orcish Mines)

   rF++:      It greatly protects you from fire.
   rN+++:     It renders you almost immune to negative energy.
   *Noise:    It may make a loud noise when swung.
 X - the +3 dagger of the Dragonfly (weapon) {holy, rPois rF+ rC+ rN+}
   (You found it on level 15 of a ziggurat)

   rF+:       It protects you from fire.
   rC+:       It protects you from cold.
   rPois:     It protects you from poison rN+: It protects you from negative
   energy.
Missiles
 M - 9 silver javelins
Armour
 e - a +3 buckler of resistance (worn)
 f - a +2 helmet of see invisible (worn)
 o - the +2 pair of gloves of Duck's Teeth (worn) {Int+3}
   (You acquired it on level 9 of a ziggurat)

   Int+3:     It affects your intelligence (+3).
 z - the +12 pearl dragon scales of Indecent Exposure (worn) {*Corrode rN+ Regen+ Int+2 Dex+5}
   (You found it on level 4 of the Vaults)

   Int+2:     It affects your intelligence (+2).
   Dex+5:     It affects your dexterity (+5).
   rN+:       It protects you from negative energy.
   Regen+:    It increases your rate of health regeneration.
   *Corrode:  It may corrode you when you take damage.
 V - a +2 pair of gloves of strength
 W - a +2 cloak of preservation (worn)
Jewellery
 d - the ring "Waet" {Ice ^Drain Will++ Str+2 Dex+3}
   (You found it on level 17 of a ziggurat)

   [ring of ice]

   Ice:       It enhances your ice magic.
   Str+2:     It affects your strength (+2).
   Dex+3:     It affects your dexterity (+3).
   rF-:       It makes you vulnerable to fire.
   rC+:       It protects you from cold.
   Will++:    It greatly increases your willpower.
   ^Drain:    It drains your maximum health when unequipped.
 i - the ring of Doaxil {rPois rF- rC+++ Dex-2 SInv}
   (You found it on level 7 of a ziggurat)

   [ring of see invisible]

   Dex-2:     It affects your dexterity (-2).
   rF-:       It makes you vulnerable to fire.
   rC+++:     It renders you almost immune to cold.
   rPois:     It protects you from poison SInv: It lets you see invisible.
 y - the amulet of Finaon (around neck) {RegenMP +Blink rElec rN+ Stlth-}
   (You acquired it on level 1 of the Elven Halls)

   [amulet of magic regeneration]

   RegenMP:   It increases your rate of magic regeneration.
   rElec:     It insulates you from electricity.
   rN+:       It protects you from negative energy.
   +Blink:    It lets you blink.
   Stlth-:    It makes you less stealthy.
 D - the ring of Serendipity {Ice +Blink rCorr Int+9 Dex-5}
   (You found it on level 14 of a ziggurat)

   [ring of ice]

   Ice:       It enhances your ice magic.
   Int+9:     It affects your intelligence (+9).
   Dex-5:     It affects your dexterity (-5).
   rF-:       It makes you vulnerable to fire.
   rC+:       It protects you from cold.
   +Blink:    It lets you blink.
   rCorr:     It protects you from acid and corrosion.
 I - the ring "Nazxom" {rF++ EV+5 Slay-2 SInv}
   (You found it on level 15 of a ziggurat)

   [ring of evasion]

   EV+5:      It affects your evasion (+5).
   Slay-2:    It affects your accuracy & damage with ranged weapons and melee
   (-2).
   rF++:      It greatly protects you from fire.
   SInv:      It lets you see invisible.
 L - the ring of Attitude {rF+ rN+ MP+9 Stlth+}
   (You found it on level 17 of a ziggurat)

   [ring of magical power]

   rF+:       It protects you from fire.
   rN+:       It protects you from negative energy.
   MP+9:      It affects your magic capacity (+9).
   Stlth+:    It makes you more stealthy.
 R - the ring of Zeurif (left hand) {rElec rPois Will++ Int+6 Stlth+}
   (You found it in Pandemonium)

   [ring of intelligence]

   Int+6:     It affects your intelligence (+6).
   rElec:     It insulates you from electricity.
   rPois:     It protects you from poison Will++: It greatly increases your
   willpower.
   Stlth+:    It makes you more stealthy.
 U - the ring of the Endless Expanse (right hand) {rElec MP+9 Str+3 Int+2}
   (You found it in Pandemonium)

   [ring of magical power]

   Str+3:     It affects your strength (+3).
   Int+2:     It affects your intelligence (+2).
   rElec:     It insulates you from electricity.
   MP+9:      It affects your magic capacity (+9).
Wands
 h - a wand of light (60)
 m - a wand of digging (23)
 n - a wand of charming (81)
 C - a wand of polymorph (11)
 E - a wand of iceblast (71)
 H - a wand of mindburst (87)
Scrolls
 a - 16 scrolls of fear
 j - 3 scrolls of immolation
 l - a scroll of silence
 r - 11 scrolls of revelation
 s - 3 scrolls of enchant armour
 w - 9 scrolls of blinking
 x - 6 scrolls of butterflies
 A - 10 scrolls of poison
 G - 23 scrolls of teleportation
 Z - 11 scrolls of fog
Potions
 g - 31 potions of curing
 k - 7 potions of might
 p - 3 potions of cancellation
 q - 10 potions of enlightenment
 t - a potion of experience
 u - 12 potions of brilliance
 v - 6 potions of heal wounds
 K - 9 potions of resistance
 P - 13 potions of mutation
 S - 10 potions of haste
 Y - 3 potions of magic
Miscellaneous
 b - a box of beasts
 c - a phantom mirror
 N - a lightning rod (4/4)
 O - a tin of tremorstones (2/2)
 Q - the horn of Geryon
 T - a phial of floods


   Skills:
 O Level 27 Fighting
 - Level 10.0 Maces & Flails
 + Level 21.9 Armour
 - Level 15.0 Dodging
 - Level 7.0 Stealth
 - Level 15.0 Shields
 O Level 27 Spellcasting
 O Level 27 Conjurations
 - Level 5.0 Translocations
 + Level 25.1 Fire Magic
 - Level 3.0 Alchemy
 - Level 16.0 Evocations


You had 20 spell levels left.
You knew the following spells:

 Your Spells              Type           Power      Damage    Failure   Level
b - Plasma Beam           Fire/Air       52%        2x1d67    1%          6
f - Fireball              Conj/Fire      67%        3d25      0%          5
i - Ignition              Fire           66%        3d18      1%          8
l - Lehudib's Crystal Sp  Conj/Erth      53%        10d12     24%         8
o - Orb of Destruction    Conj           68%        9d16      0%          7
p - Fire Storm            Conj/Fire      67%        8d17      2%          9
s - Spellforged Servitor  Conj/Summ      53%        N/A       3%          7
x - Starburst             Conj/Fire      67%        6d18      0%          6
z - Iskenderun's Mystic   Conj/Tloc      100%       2d19      0%          4

Your spell library contained the following spells:

 Spells                   Type           Power      Damage    Failure   Level
 Foxfire                  Conj/Fire      100%       2x1d9     0%          1
 Kiss of Death            Conj/Necr      100%       2d13      0%          1
 Magic Dart               Conj           100%       1d8       0%          1
 Shock                    Conj/Air       100%       1d9       0%          1
 Sting                    Conj/Alch      100%       1d9       0%          1
 Momentum Strike          Conj/Tloc      100%       3d10      0%          2
 Searing Ray              Conj           100%       2d8       0%          2
 Static Discharge         Conj/Air       100%       3-8/arc   0%          2
 Dazzling Flash           Conj/Hex       100%       N/A       0%          3
 Hailstorm                Conj/Ice       100%       3d16      0%          3
 Inner Flame              Hex/Fire       100%       N/A       0%          3
 Stone Arrow              Conj/Erth      100%       3d13      0%          3
 Volatile Blastmotes      Fire/Tloc      100%       2d18      0%          3
 Flame Wave               Conj/Fire      100%       2d21      0%          4
 Iskenderun's Battlesphe  Conj           100%       2d15      0%          5
 Apportation              Tloc           100%       N/A       1%          1
 Freeze                   Ice            100%       1d10      1%          1
 Necrotise                Necr           100%       1d9       1%          1
 Sandblast                Erth           100%       2d20      1%          1
 Summon Small Mammal      Summ           100%       N/A       1%          1
 Blink                    Tloc           100%       N/A       1%          2
 Call Imp                 Summ           100%       N/A       1%          2
 Ensorcelled Hibernation  Hex/Ice        100%       N/A       1%          2
 Lesser Beckoning         Tloc           100%       N/A       1%          2
 Mercury Vapours          Alch/Air       100%       N/A       1%          2
 Gell's Gravitas          Tloc           78%        N/A       1%          3
 Mephitic Cloud           Conj/Alch/Air  96%        N/A       1%          3
 Teleport Other           Tloc           78%        N/A       1%          3
 Brom's Barrelling Bould  Conj/Erth      100%       2d11      1%          4
 Fulminant Prism          Conj/Alch      55%        3d24      1%          4
 Ignite Poison            Fire/Alch      100%       N/A       1%          4
 Manifold Assault         Tloc           78%        N/A       1%          4
 Passage of Golubria      Tloc           78%        N/A       1%          4
 Sticky Flame             Fire/Alch      100%       2d15      1%          4
 Summon Blazeheart Golem  Fire/Summ      100%       N/A       1%          4
 Arcjolt                  Conj/Air       53%        1d63      1%          5
 Freezing Cloud           Conj/Ice/Air   46%        6-21      1%          5
 Irradiate                Conj/Alch      55%        3d30      1%          5
 Bombard                  Conj/Erth      53%        9d9       1%          6
 Conjure Ball Lightning   Conj/Air       53%        3x3d18    1%          6
 Call Canine Familiar     Summ           54%        N/A       2%          3
 Confusing Touch          Hex            54%        N/A       2%          3
 Frozen Ramparts          Ice            100%       1d16      2%          3
 Fugue of the Fallen      Necr           54%        N/A       2%          3
 Ozocubu's Armour         Ice            54%        N/A       2%          3
 Passwall                 Erth           54%        N/A       2%          3
 Summon Ice Beast         Ice/Summ       54%        N/A       2%          3
 Swiftness                Air            54%        N/A       2%          3
 Tukima's Dance           Hex            54%        N/A       2%          3
 Vampiric Draining        Necr           54%        2d9       2%          3
 Olgreb's Toxic Radiance  Alch           69%        N/A       2%          4
 Dimensional Bullseye     Hex/Tloc       33%        N/A       3%          4
 Vhi's Electric Charge    Tloc/Air       100%       N/A       3%          4
 Leda's Liquefaction      Alch/Erth      31%        N/A       4%          4
 Petrify                  Alch/Erth      62%        N/A       4%          4
 Alistair's Intoxication  Alch           46%        N/A       8%          5
 Airstrike                Air            27%        2d(4-20)  9%          4
 Anguish                  Hex/Necr       27%        N/A       9%          4
 Animate Armour           Summ/Erth      100%       N/A       9%          4
 Cause Fear               Hex            27%        N/A       9%          4
 Dispel Undead            Necr           54%        3d20      9%          4
 Martyr's Knell           Necr/Summ      54%        N/A       9%          4
 Summon Lightning Spire   Summ/Air       54%        N/A       9%          4
 Summon Forest            Summ/Tloc      33%        N/A       9%          5
 Yara's Violent Unravell  Hex/Alch       31%        3d13      14%         5
 Dispersal                Tloc           39%        N/A       19%         6
 Borgnjor's Vile Clutch   Necr/Erth      27%        N/A       26%         5
 Curse of Agony           Necr           54%        N/A       26%         5
 Lee's Rapid Deconstruct  Erth           27%        3d14*     26%         5
 Metabolic Englaciation   Hex/Ice        27%        N/A       26%         5
 Silence                  Hex/Air        27%        N/A       26%         5
 Summon Mana Viper        Hex/Summ       54%        N/A       26%         5
 Eringya's Noxious Bog    Alch           34%        4d6       38%         6
 Sculpt Simulacrum        Ice/Alch       31%        N/A       58%         6
 Death Channel            Necr           27%        N/A       80%         6
 Summon Cactus Giant      Summ           27%        N/A       80%         6
 Malign Gateway           Summ/Tloc      33%        N/A       95%         7
 Enfeeble                 Hex            27%        N/A       100%        7
 Haunt                    Necr/Summ      27%        N/A       100%        7
 Ozocubu's Refrigeration  Ice            27%        4d13      100%        7
 Summon Hydra             Summ           27%        N/A       100%        7
 Borgnjor's Revivificati  Necr           27%        N/A       100%        8
 Discord                  Hex            27%        N/A       100%        8
 Disjunction              Tloc           39%        N/A       100%        8
 Infestation              Necr           27%        N/A       100%        8
 Maxwell's Capacitive Co  Air            27%        ∞         100%        8
 Summon Horrible Things   Summ           27%        N/A       100%        8
 Animate Dead             Necr           Unusable   N/A       N/A         4

Dungeon Overview and Level Annotations

Branches:
Dungeon (15/15)            Temple (1/1) D:6            Lair (5/5) D:9
 Shoals (4/4) Lair:3       Spider (4/4) Lair:2        Slime (5/5) Lair:4
    Orc (2/2) D:10            Elf (3/3) Orc:2        Vaults (5/5) D:13
  Crypt (3/3) Vaults:2       Tomb (0/3) Crypt:3      Depths (4/4) D:15
   Hell (visited)             Dis (0/7) Hell            Geh (0/7) Hell
    Coc (0/7) Hell            Tar (0/7) Hell            Zot (5/5) Depths:4
 Bailey (visited)

Altars:
Ashenzari
Cheibriados
Dithmenos
Fedhas
Gozag
Hepliaklqana
Kikubaaqudgha
Makhleb
Nemelex Xobeh
Okawaru
Qazlal
Ru
Sif Muna
Trog
Uskayaw
Vehumet
Wu Jian
Xom
Yredelemnul
Beogh
Jiyva
Lugonu

Shops:
D:7 (   D:10 *::[[[=   D:14 *[=   Orc:1 **?   Orc:2 =(([(   Elf:1 (?=
Elf:3 *[(   Shoals:3 :   Vaults:2 [   Vaults:3 (   Zot:1 *   Depths:2 [[(*!*
Depths:4 *::=(

Portals:
Hell: Depths:1 Depths:2 Depths:3 Depths:4
Abyss: Lair:5 Depths:3
Pandemonium: Depths:2 Depths:3

Annotations:
Spider:1 Roxanne
Elf:2 3 runed translucent doors


Innate Abilities, Weirdness & Mutations

You have hooves in place of feet.
You have an unnaturally thin skeletal structure. (Dex +6, Stealth+++)
You frequently emit foul miasma when damaged in melee.
You are completely covered in sharp spines.
Your magical and physical power is greatly enhanced at high health.
You are vulnerable to cold. (rC-)
You expend magic power (3 MP) to strengthen your wands.


Message History

The bone dragon tramples you but does no damage.
The eidolon stares piercingly at you.
The bolt of negative energy hits the bone dragon.
The bone dragon completely resists.
The bolt of negative energy hits the putrid mouth.
The putrid mouth completely resists.
The bolt of negative energy hits the tainted leviathan.
The tainted leviathan completely resists.
The bolt of negative energy hits the doom hound.
The doom hound completely resists.
The bolt of negative energy hits you but does no damage.
You resist.
The bone dragon is distracted by your dazzling golden aura.
The tainted leviathan attempts to bespell you!
You resist with almost no effort. You block the Tzitzimitl's attack.
The Tzitzimitl completely misses you.
The dread lich is struck by your spines.
The dread lich touches you but does no damage.
The Tzitzimitl calls on the powers of darkness!
Your body is wracked with pain!
* * * LOW HITPOINT WARNING * * *
The doom hound unleashes a terrible howl, but you easily resist.
The doom hound is struck by your spines.
The doom hound bites you!
* * * LOW HITPOINT WARNING * * *
The doom hound misses you. [a] - 330 gold - haste and enlightenment [b] - 450 gold - haste and enlightenment [c] - 348 gold - brilliance and magic Purchase which effect?
You feel as though your hastened speed will last longer.
You feel very buoyant.
You fly up into the air.
The Tzitzimitl calls on the powers of darkness!
Your body is wracked with pain!
* * * LOW HITPOINT WARNING * * *
The tainted leviathan completely misses you.
The tainted leviathan hits you!
You die...
Your body crumbles into a pile of gold.

/="........○○.........▓▓
W)?.....°(.((........∩.▓
=%/....○☼Z○...........▓▓
|![...§.W2Z..........▓▓
▓=|...○CCC21........▓▓
▓▓...ߧDh2..°..ß.°.▓▓
▓▓...WhCDW1.....°▓▓
▓▓..WDh1C......▓▓
▓▓..L@CL○..(.▓▓
▓▓▓▓▓▓▓▓▓▓▓▓▓


You could see 3 bone dragons, 6 tainted leviathans, 3 doom hounds, 2 dread
liches, 3 Tzitzimimeh, an eidolon, 3 putrid mouths, a spectral golden dragon, a
spectral spriggan defender, a hellion and 2 tormentors.

Vanquished Creatures
  Cerebov (Pan)
  Mnoleg (Pan)
  the Royal Jelly (Slime:5)
  Ignacio (Pan)
  Lom Lobon (Pan)
  10 dread liches
  5 orbs of fire
  6 ancient liches
  Mennas (Depths:4)
  2 juggernauts
  5 pandemonium lords (Pan)
  Boris (twice) (Elf:3 Vaults:5)
  2 royal mummies
  Vv (Depths:4)
  Bai Suzhen (Elf:3)
  11 Killer Klowns
  2 shard shrikes
  8 golden dragons
  7 caustic shrikes (Depths:3)
  Geryon (Hell)
  Jory (Depths:4)
  5 bone dragons
  A doom hound (Zig:8)
  3 electric golems
  13 Tzitzimimeh
  4 Brimstone Fiends (Pan)
  31 tentacled monstrosities
  A hellephant (Pan)
  5 Hell Sentinels (Pan)
  10 liches
  A tainted leviathan (Zig:8)
  14 Ice Fiends
  8 titans
  2 walking earthen tomes (Depths:3)
  14 Orb Guardians (Zot:5)
  13 quicksilver dragons
  A walking frostbound tome (Depths:3)
  6 deep elf master archers
  4 walking divine tomes
  2 deep elf blademasters (Elf:3)
  19 acid blobs
  8 tentacled starspawn
  A kraken (Shoals:3)
  4 ancient champions
  11 sphinxes
  Murray (Depths:4)
  71 Executioners (Pan)
  6 death cobs
  Aizul (Shoals:2)
  Kirke (Lair:4)
  12 shadow dragons
  21 storm dragons
  5 fenstrider witches (Pan)
  17 azure jellies
  8 demonspawn warmongers (Pan)
  11 fire giants
  9 protean progenitors
  10 tengu reavers
  Donald (Vaults:1)
  3 iron dragons
  A nagaraja (Pan)
  14 rockslimes
  9 draconian monks
  7 narguns (Zig:15)
  2 daevas
  8 emperor scorpions
  8 draconian knights
  9 frost giants
  A revenant (Crypt:2)
  Louise (Elf:1)
  6 deep elf sorcerers
  10 draconian scorchers
  3 draconian shifters
  3 curse skulls
  30 balrugs
  A caustic shrike zombie (Crypt:3)
  26 vault wardens
  6 ghost moths
  11 draconian stormcallers
  4 deep elf elementalists
  13 draconian annihilators
  3 orc warlords
  60 reapers
  An angel (Pan)
  3 ghouls
  3 spriggan defenders (Depths:2)
  29 cacodemons (Pan)
  20 juggernaut skeletons (Pan)
  6 demonspawn blood saints (Pan)
  14 demonspawn corrupters
  25 ironbound preservers
  28 caustic shrike skeletons
  3 ophanim
  16 quicksilver oozes
  12 formless jellyfish
  31 very ugly things
  A broodmother (Spider:2)
  7 deep elf demonologists
  14 black draconians
  11 deep elf death magi
  17 ironbound thunderhulks
  21 stone giants
  Nessos (Lair:4)
  14 green draconians
  16 yellow draconians
  8 vampire knights
  A putrid mouth (Zig:8)
  5 deep elf annihilators (Elf:3)
  3 minotaurs (Shoals:4)
  11 war gargoyles
  6 apis (Pan)
  2 bunyips (Zot:3)
  9 demonspawn black suns (Pan)
  3 wendigos (Zig:15)
  5 spark wasps
  2 purple draconians (Zig:16)
  14 red draconians
  4 lorocyprocas
  9 dire elephants
  12 white draconians
  17 ettins
  38 blizzard demons
  4 crystal guardians
  4 eidola
  37 green deaths
  5 jiangshi
  2 iron golems (Depths:4)
  An entropy weaver (shapeshifter) (Abyss:3)
  5 merfolk javelineers
  A spriggan zombie (Crypt:3)
  5 deep elf high priests
  2 mummy priests
  Josephine (Lair:4)
  15 yaktaur captains
  5 rakshasas
  2 entropy weavers
  7 fire dragons
  3 hydras
  12 ice dragons
  A spectral tengu (Zig:8)
  12 great orbs of eyes
  3 merfolk impalers
  2 hell beasts
  A fenstrider witch zombie (Crypt:3)
  40 vault guards
  3 peacekeepers (Vaults:4)
  6 radroaches
  A jorogumo (shapeshifter) (Zig:2)
  3 ogre magi
  3 merfolk avatars
  7 jorogumos
  2 spriggan air magi
  Erolcha (D:11)
  12 centaur warriors
  2 spriggan skeletons (Crypt:3)
  13 ironbound frosthearts
  5 merfolk aquamancers
  3 alligators (Zig:7)
  A fenstrider witch skeleton (Crypt:3)
  2 catoblepae
  A juggernaut simulacrum (Crypt:1)
  3 death knights
  11 boulder beetles
  3 deep troll shamans
  3 alligator snapping turtles (Shoals:4)
  4 two-headed ogres
  16 dancing weapons
  6 deep troll earth magi
  Erica (D:8)
  7 death yaks
  54 demonic crawlers
  19 satyrs
  3 tengu warriors
  2 orc high priests (Orc:2)
  A titan zombie (Hell)
  7 hell hogs (Hell)
  5 vampire magi
  5 naga sharpshooters (Zig:17)
  4 spriggan berserkers
  A death scarab (Spider:2)
  9 thrashing horrors
  3 storm dragon zombies
  17 deep elf knights
  2 skysharks (Shoals:2)
  An iron troll (Hell)
  38 skeletal warriors
  25 hellephant skeletons (Pan)
  2 crystal echidnas (Hell)
  111 sun demons
  2 wretched stars
  7 hell knights
  78 soul eaters
  3 spark wasp zombies
  2 titan skeletons
  An iron troll (shapeshifter) (Zig:6)
  A spatial maelstrom (Zig:14)
  A bunyip zombie (Crypt:3)
  4 pharaoh ants
  10 shadow wraiths
  44 sixfirhies
  3 golden dragon zombies (Hell)
  3 anaconda zombies (Hell)
  A goliath frog (Zig:7)
  5 glowing orange brains
  8 sea snakes
  A spectral spark wasp (Depths:4)
  A mana viper (shapeshifter) (Zig:13)
  3 swamp dragons
  34 shadow demons (Pan)
  15 orb spiders
  7 arcanists
  A golden dragon skeleton (Zig:11)
  6 flayed ghosts
  39 deep trolls
  5 bog bodies
  4 spriggan simulacra (Crypt:1)
  A sea snake (shapeshifter) (Vaults:3)
  8 orange crystal statues
  2 fenstrider witch simulacra (Crypt:1)
  25 ironbound convokers
  9 sun moths
  A spectral iron dragon (Depths:1)
  12 harpies
  11 deep elf archers
  6 obsidian statues
  Pikel (D:5)
  11 orc knights
  14 necromancers
  27 deep elf zephyrmancers
  12 phantasmal warriors
  4 steelbarb worms
  4 starcursed masses
  10 lindwurms
  An ugly thing (shapeshifter) (Zig:6)
  A tengu zombie (Zig:11)
  24 deep elf pyromancers
  8 orc sorcerers
  20 wolf spiders
  A fire giant zombie (Hell)
  A stone giant zombie (Hell)
  2 fauns (shapeshifter) (Vaults:5)
  12 cyclopes
  A will-o-the-wisp (Zig:14)
  10 shining eyes
  48 ugly things
  12 manticores
  A shadow dragon skeleton (Depths:1)
  An alligator zombie (Hell)
  23 fauns
  2 salamanders (Depths:2)
  32 moths of wrath
  8 elephants
  2 oklob plants (Lair:4)
  2 stone giant skeletons
  A moth of wrath (shapeshifter) (Depths:3)
  A frost giant skeleton (Crypt:1)
  10 kobold blastminers
  9 meliai
  7 merfolk sirens
  An iron dragon skeleton (Crypt:3)
  93 slime creatures
  2 titan simulacra (Crypt:1)
  15 vault sentinels
  3 black mambas
  A guardian serpent (shapeshifter) (Vaults:5)
  5 ice statues
  4 eyes of devastation
  27 orange demons (Pan)
  5 apocalypse crabs
  141 large abominations
  2 gargoyles
  A water nymph (Shoals:3)
  A mana viper zombie (Crypt:2)
  A rust devil (Pan)
  A cane toad (shapeshifter) (Vaults:4)
  129 smoke demons
  Maggie (D:8)
  A centaur skeleton (Crypt:3)
  3 torpor snails
  28 hellions
  6 kobold demonologists
  A bunyip simulacrum (Crypt:1)
  10 cane toads
  10 efreet
  7 komodo dragons
  24 freezing wraiths
  7 ice devils (Hell)
  An alligator snapping turtle skeleton (Crypt:2)
  A komodo dragon (shapeshifter) (Elf:2)
  A minotaur zombie (Crypt:1)
  25 tormentors
  31 yaktaurs
  8 ancient zymes
  2 silent spectres (Zig:18)
  A golden dragon simulacrum (Zig:15)
  An anaconda simulacrum (Crypt:1)
  6 guardian mummies
  3 polar bears
  A great orb of eyes zombie (Crypt:1)
  2 red devils
  A pale draconian skeleton (Crypt:1)
  3 hydra zombies (Hell)
  17 merfolk
  6 wind drakes
  Prince Ribbit (Bailey)
  36 hellwings (Pan)
  11 trolls
  A blink frog (shapeshifter) (Elf:2)
  A tarantella (shapeshifter) (Elf:3)
  6 glass eyes
  2 tyrant leeches (Pan)
  10 hornets
  8 snapping turtles
  46 tarantellas
  2 iron dragon simulacra
  2 harpy skeletons
  2 raiju (shapeshifter)
  16 blink frogs
  4 raiju
  A glass eye (shapeshifter) (Zig:6)
  13 dream sheep
  A fire dragon zombie (Crypt:3)
  A vampire (D:9)
  2 air elementals (Elf:2)
  A centaur simulacrum (Crypt:1)
  A yak (shapeshifter) (Elf:2)
  12 wraiths
  24 jumping spiders
  2 shadows (D:12)
  17 culicivoras
  4 naga simulacra (Crypt:1)
  Sigmund (D:5)
  70 ynoxinuls
  4 fire elementals
  4 fire bats (Pan)
  5 spriggans
  2 wyverns
  5 dire elephant simulacra
  3 hogs (Lair:4)
  8 basilisks
  12 water elementals
  83 yaks
  A redback (shapeshifter) (Depths:3)
  A golden eye (shapeshifter) (D:13)
  20 golden eyes
  6 humans (Bailey)
  111 chaos spawn
  8 wargs
  4 ushabtiu
  36 neqoxecs
  8 vampire mosquitoes
  2 steam dragons
  A wind drake skeleton (Crypt:2)
  2 harpy simulacra (Crypt:1)
  A minotaur simulacrum (Crypt:1)
  63 redbacks
  A merfolk zombie (Crypt:2)
  A two-headed ogre zombie (Crypt:1)
  An acid dragon (Zig:9)
  A naga zombie (Crypt:3)
  4 hell hounds (Hell)
  3 hydra simulacra (Depths:2)
  3 swamp worms (Pan)
  14 water moccasins
  A water nymph skeleton (Crypt:2)
  A human skeleton (Zig:11)
  A swamp drake (Zig:9)
  26 orc warriors
  69 laughing skulls
  4 black bears
  A fire dragon simulacrum (Crypt:1)
  A black mamba simulacrum (Crypt:1)
  3 ogres
  13 wolves
  8 centaurs
  A lindwurm skeleton (Crypt:1)
  A snapping turtle skeleton (Crypt:2)
  3 kobold brigands
  2 phantoms
  A weeping skull (Abyss:3)
  A hog skeleton (Crypt:1)
  A fire crab zombie (Crypt:1)
  27 bullfrogs
  3 gnoll sergeants
  3 earth elementals
  4 scorpions
  11 small abominations
  4 wights (D:8)
  12 killer bees
  A raiju skeleton (Crypt:1)
  5 electric eels
  5 howler monkeys
  A bombardier beetle (D:4)
  A human zombie (Crypt:2)
  2 centaur zombies
  28 orc priests
  A gnoll bouda (D:5)
  3 hounds
  A jelly (D:4)
  A sleepcap (D:6)
  Natasha (thrice) (D:1)
  33 orc wizards
  An iguana (D:5)
  5 hell rats (Hell)
  2 killer bee zombies (D:7)
  An ogre zombie (D:7)
  A naga skeleton (Crypt:2)
  5 mummies
  Robin (D:2)
  19 gnolls
  5 adders
  A ribbon worm zombie (Crypt:1)
  2 white imps
  6 ufetubi
  4 ribbon worms
  2 dart slugs (D:5)
  83 orcs
  15 endoplasms
  12 goblins
  9 hobgoblins
  2 jackals (D:1)
  8 kobolds
  5 quokkas
  3 ball pythons
  3 bats
  3 frilled lizards
  A kobold zombie (Crypt:2)
  3 rats
  4 aspiring fleshes
  2 ball lightnings (Pan)
  A creeping inferno (Hell)
  3 fire vortices
  3 fulminant prisms
  A lurking horror (Pan)
  3 starspawn tentacles
  3 tentacles (Shoals:3)
4256 creatures vanquished.

Vanquished Creatures (collateral kills)
  Gloorx Vloq (Pan)
  A royal mummy (Zig:11)
  A bone dragon (Zig:12)
  A Brimstone Fiend (Pan)
  3 reapers (Pan)
  A green death (Pan)
  A soul eater (Pan)
  A phantasmal warrior (Zig:13)
  A komodo dragon (Lair:4)
  2 red devils (Pan)
  A hellwing (Pan)
  A ynoxinul (Pan)
  2 yaks (Lair:4)
  A chaos spawn (Pan)
  A glowing shapeshifter zombie (Zig:11)
  2 aspiring fleshes (Zig:6)
21 creatures vanquished.

Vanquished Creatures (others)
  11 Orb Guardians (Zot:5)
  2 eldritch tentacles (Pan)
  A purple draconian (Zot:3)
  A green death (Pan)
  A shadow demon (Pan)
  6 large abominations (Pan)
  6 smoke demons (Pan)
  A ynoxinul (Pan)
  3 water elementals (Depths:2)
  A golden eye (Abyss:3)
  A chaos spawn (Pan)
  4 hydra simulacra (Depths:2)
  15 ball lightnings (Pan)
  77 fire vortices
  24 fulminant prisms
  2 spectral weapons (Lair:5)
  13 starspawn tentacles
  4 tentacles (Shoals:3)
173 creatures vanquished.

Grand Total: 4450 creatures vanquished

Notes
Turn   | Place    | Note
-------+----------+-------------------------------------------
     0 | D:1      | oldriver the Demonspawn Conjurer began the quest for the
                  | Orb.
     0 | D:1      | Reached XP level 1. HP: 13/13 MP: 3/3
   190 | D:1      | Gained mutation: You are partially covered in sharp spines.
                  | [demonic ancestry]
   190 | D:1      | Reached XP level 2. HP: 20/20 MP: 1/5
   453 | D:1      | Found a faded altar of an unknown god.
   678 | D:1      | Reached skill level 1 in Fighting
   681 | D:1      | Gained mutation: You have a somewhat thin skeletal
                  | structure. (Dex +2, Stealth+) [demonic ancestry]
   681 | D:1      | Reached XP level 3. HP: 26/26 MP: 0/6
  1132 | D:2      | Reached XP level 4. HP: 32/32 MP: 4/8
  1279 | D:2      | Noticed Natasha
  1531 | D:1      | Killed Natasha
  1666 | D:1      | Noticed Natasha
  1672 | D:1      | Killed Natasha
  1673 | D:1      | Gained mutation: You have a moderately thin skeletal
                  | structure. (Dex +4, Stealth++) [demonic ancestry]
  1673 | D:1      | Reached XP level 5. HP: 38/38 MP: 2/10
  1676 | D:1      | Learned a level 2 spell: Searing Ray
  1745 | D:1      | Noticed Natasha
  1752 | D:1      | Killed Natasha
  2376 | D:2      | Noticed Robin
  2380 | D:2      | Killed Robin
  2752 | D:3      | Reached XP level 6. HP: 45/46 MP: 9/12
  2962 | D:3      | Found a bloodstained altar of Trog.
  3595 | D:3      | Found a burning altar of Makhleb.
  3999 | D:4      | Learned a level 4 spell: Fulminant Prism
  4004 | D:4      | Learned a level 4 spell: Iskenderun's Mystic Blast
  4094 | D:4      | Reached skill level 5 in Conjurations
  4849 | D:4      | Found a sacrificial altar of Ru.
  4956 | D:5      | Entered Level 5 of the Dungeon
  4979 | D:5      | Reached XP level 7. HP: 46/52 MP: 7/14
  5101 | D:5      | Noticed Sigmund
  5127 | D:5      | Killed Sigmund
  5128 | D:5      | Reached skill level 5 in Spellcasting
  6137 | D:5      | Gained mutation: You may rarely emit foul miasma when
                  | damaged in melee. [demonic ancestry]
  6137 | D:5      | Reached XP level 8. HP: 57/60 MP: 9/17
  6338 | D:6      | Noticed Pikel
  6353 | D:5      | Killed Pikel
  6354 | D:5      | Reached skill level 5 in Fighting
  6540 | D:6      | Found an ancient bone altar of Kikubaaqudgha.
  6540 | D:6      | Found a stormy altar of Qazlal.
  6540 | D:6      | Found a basalt altar of Yredelemnul.
  6635 | D:5      | Gained mutation: You have large cloven feet. [demonic
                  | ancestry]
  6635 | D:5      | Reached XP level 9. HP: 54/68 MP: 8/20
  6738 | D:6      | Found a staircase to the Ecumenical Temple.
  7055 | Temple   | Entered the Ecumenical Temple
  7710 | D:7      | Found Asmoem's Antique Weapon Emporium.
  7713 | D:7      | Bought an iridescent trident for 229 gold pieces
  7713 | D:7      | Identified the +6 trident "Xoor" {spect, rPois Int+3} (You
                  | bought it in a shop on level 7 of the Dungeon)
  8439 | D:8      | Noticed Maggie
  8450 | D:8      | Killed Maggie
  8738 | D:8      | Found a radiant altar of Vehumet.
  9051 | D:8      | Noticed Erica
  9058 | D:8      | Killed Erica
  9059 | D:8      | Gained mutation: You are mostly covered in sharp spines.
                  | [demonic ancestry]
  9059 | D:8      | Reached XP level 10. HP: 56/79 MP: 14/23
  9517 | D:8      | Found an opulent altar of Gozag.
  9542 | D:8      | Became a worshipper of Gozag Ym Sagoz the Greedy
  9654 | D:9      | Found a blossoming altar of Fedhas.
  9701 | D:9      | Reached skill level 10 in Spellcasting
 10416 | D:9      | Noticed a cyclops
 10428 | D:9      | Killed a cyclops
 10515 | D:9      | Found a staircase to the Lair.
 10615 | D:9      | Reached XP level 11. HP: 61/87 MP: 10/26
 11607 | Lair:1   | Entered Level 1 of the Lair of Beasts
 11936 | Lair:1   | Reached skill level 1 in Alchemy
 11983 | Lair:1   | Reached skill level 1 in Translocations
 12023 | Lair:1   | Noticed a catoblepas
 12047 | Lair:1   | Killed a catoblepas
 12799 | Lair:1   | Reached skill level 10 in Conjurations
 13619 | Lair:2   | Found a hole to the Spider Nest.
 13619 | Lair:2   | Noticed an orb spider
 14338 | Lair:2   | Killed an orb spider
 14656 | Lair:2   | Noticed an eight-headed hydra
 14798 | Lair:2   | Killed an eight-headed hydra
 15155 | Lair:3   | Noticed a death yak
 15155 | Lair:3   | Noticed a death yak
 15155 | Lair:3   | Noticed a death yak
 15162 | Lair:3   | Reached XP level 12. HP: 91/96 MP: 4/28
 15180 | Lair:4   | Noticed Josephine
 15195 | Lair:4   | Noticed Nessos
 15333 | Lair:4   | Killed Nessos
 15490 | Lair:4   | Identified the staff "Vigioppesm" {rPois SInv Hexes
                  | Alchemy}
 15652 | Lair:4   | Noticed a boulder beetle
 15671 | Lair:4   | Killed a boulder beetle
 15799 | Lair:4   | Noticed Kirke
 15817 | Lair:4   | Killed Kirke
 15818 | Lair:4   | Reached skill level 10 in Fighting
 16147 | Lair:4   | Found a staircase to the Slime Pits.
 16147 | Lair:4   | Found a viscous altar of Jiyva.
 16396 | Lair:4   | Noticed an eight-headed hydra
 16411 | Lair:4   | Killed an eight-headed hydra
 16424 | Lair:4   | Killed a death yak
 16669 | Lair:4   | Killed Josephine
 16670 | Lair:4   | Gained mutation: You have an unnaturally thin skeletal
                  | structure. (Dex +6, Stealth+++) [demonic ancestry]
 16670 | Lair:4   | Reached XP level 13. HP: 81/104 MP: 10/30
 17975 | Lair:5   | Entered Level 5 of the Lair of Beasts
 20313 | Lair:5   | Reached skill level 15 in Spellcasting
 22607 | Lair:5   | Reached XP level 14. HP: 90/114 MP: 13/33
 23119 | Lair:5   | Found a corrupted altar of Lugonu.
 23119 | Lair:5   | Found a one-way gate to the infinite horrors of the Abyss.
 23867 | Lair:3   | Found a staircase to the Shoals.
 24153 | Lair:3   | Reached skill level 5 in Dodging
 24908 | D:10     | Entered Level 10 of the Dungeon
 25070 | D:10     | Found a flagged portal.
 25070 | D:10     | Found a staircase to the Orcish Mines.
 25078 | Bailey   | Entered a bailey
 25260 | Bailey   | Reached skill level 5 in Translocations
 25326 | Bailey   | Noticed Prince Ribbit
 25338 | Bailey   | Killed Prince Ribbit
 25535 | Bailey   | Reached skill level 1 in Shields
 26306 | Orc:1    | Entered Level 1 of the Orcish Mines
 26370 | D:10     | Bought a pitted wooden ring for 180 gold pieces
 26370 | D:10     | Identified the ring of the Tempest {Fire *Corrode rElec
                  | Str+3} (You bought it in a shop on level 10 of the Dungeon)
 26374 | D:10     | Bought a book of the Spheres for 896 gold pieces
 26382 | D:10     | Learned a level 5 spell: Fireball
 27158 | D:11     | Noticed Erolcha
 27176 | D:11     | Killed Erolcha
 27177 | D:11     | Reached skill level 1 in Fire Magic
 27615 | Orc:1    | Found Licvalocw's Magic Scroll Shop.
 27618 | Orc:1    | Bought a scroll of teleportation for 36 gold pieces
 27618 | Orc:1    | Bought a scroll of fog for 48 gold pieces
 28277 | Orc:1    | Found Fyhuoch's General Store.
 28280 | Orc:1    | Found Bownece Saacw's Specific Store.
 28290 | Orc:1    | Bought a scroll of blinking for 97 gold pieces
 28290 | Orc:1    | Bought a scroll of blinking for 97 gold pieces
 28290 | Orc:1    | Bought a scroll of enchant armour for 97 gold pieces
 28403 | Orc:2    | Entered Level 2 of the Orcish Mines
 28948 | Orc:2    | Found Feng's Jewellery Emporium.
 29108 | Orc:2    | Found a staircase to the Elven Halls.
 29827 | Orc:2    | Found Palucuhe's Antique Weapon Boutique.
 29827 | Orc:2    | Found Miaz's Weapon Boutique.
 29831 | Orc:2    | Found Lochigio's Armour Shop.
 29831 | Orc:2    | Found Deomuolu's Weapon Shop.
 30462 | Orc:2    | Learned a level 7 spell: Orb of Destruction
 30491 | Orc:2    | Bought a +0 pair of gloves of strength for 138 gold pieces
 30691 | D:12     | Reached XP level 15. HP: 121/122 MP: 12/35
 31269 | D:12     | Found a roughly hewn altar of Beogh.
 32553 | D:13     | Found a gate to the Vaults.
 33163 | D:13     | Learned a level 6 spell: Starburst
 33349 | D:14     | Found an iron altar of Okawaru.
 33469 | D:14     | Found Inlyiq's Jewellery Boutique.
 33805 | D:14     | Found Taomeraj's Armour Boutique.
 33872 | D:14     | Found Giskecla's Assorted Antiques.
 33887 | D:14     | Bought 2 scrolls of blinking for 390 gold pieces
 33887 | D:14     | Bought a scroll of teleportation for 78 gold pieces
 33887 | D:14     | Bought a scroll of fear for 104 gold pieces
 33887 | D:14     | Bought a potion of heal wounds for 130 gold pieces
 33910 | D:14     | Reached skill level 5 in Fire Magic
 34741 | D:15     | Entered Level 15 of the Dungeon
 35845 | D:15     | Found a staircase to the Depths.
 36714 | Shoals:1 | Entered Level 1 of the Shoals
 37596 | Shoals:2 | Identified the serpent talisman "Wakhlil" {Dex-5 Slay+4
                  | SInv}
 37596 | Shoals:2 | Noticed Aizul
 37657 | Shoals:2 | Killed Aizul
 37658 | Shoals:2 | Gained mutation: You sometimes emit foul miasma when
                  | damaged in melee. [demonic ancestry]
 37658 | Shoals:2 | Reached XP level 16. HP: 131/131 MP: 11/36
 39277 | Shoals:3 | Noticed a kraken
 39292 | Shoals:3 | Killed a kraken
 39383 | Shoals:3 | Found Puetoamp's Book Shoppe.
 39394 | Shoals:3 | Bought a manual of Armour for 1520 gold pieces
 39476 | Shoals:3 | Identified the +1 chain mail of Zin's Inspiration {*Slow
                  | rPois rC- Int+9}
 39489 | Shoals:3 | Reached skill level 1 in Armour
 40076 | Shoals:4 | Entered Level 4 of the Shoals
 41295 | Shoals:4 | Reached skill level 5 in Armour
 43757 | Shoals:4 | Noticed a sphinx
 43762 | Shoals:4 | Killed a sphinx
 43909 | Shoals:4 | Reached XP level 17. HP: 139/140 MP: 13/38
 44413 | Shoals:4 | Got a barnacled rune of Zot
 44469 | Shoals:4 | Identified the +9 rapier of the Shallot {flame, *Slow rPois
                  | Will- Int+9}
 44692 | Spider:1 | Entered Level 1 of the Spider Nest
 44769 | Lair:2   | Reached skill level 15 in Conjurations
 45503 | Spider:1 | Identified the granite talisman "Igud" {Int+2 Dex+3}
 45503 | Spider:1 | Noticed Roxanne
 47964 | Spider:2 | Reached skill level 15 in Fighting
 49373 | Spider:3 | Reached skill level 10 in Armour
 50014 | Spider:3 | Identified the +1 quarterstaff of Vuirauck {freeze, rC+}
 50418 | Spider:4 | Entered Level 4 of the Spider Nest
 51514 | Spider:4 | Gained mutation: Your magical and physical power is
                  | slightly enhanced at high health. [demonic ancestry]
 51514 | Spider:4 | Reached XP level 18. HP: 146/151 MP: 30/40
 52797 | Spider:4 | Got a gossamer rune of Zot
 53179 | D:10     | Bought the Tome of Red-Hot Ozone for 616 gold pieces
 53189 | D:10     | Learned a level 9 spell: Fire Storm
 53193 | D:10     | Bought an embroidered cloak for 180 gold pieces
 53202 | D:10     | Bought the ring "Exorch" {rF+ Str+6 Int+4} for 876 gold
                  | pieces
 53485 | Vaults:1 | Entered Level 1 of the Vaults
 54596 | Vaults:1 | Noticed Donald
 54600 | Vaults:1 | Killed Donald
 55381 | Vaults:1 | Reached skill level 5 in Shields
 56692 | D:7      | Bought a shimmering short sword for 216 gold pieces
 56692 | D:7      | Identified the +1 short sword "Netuas" {venom, rPois} (You
                  | bought it in a shop on level 7 of the Dungeon)
 56818 | Orc:2    | Bought a translucent falchion for 208 gold pieces
 56818 | Orc:2    | Identified the +0 falchion of the Poles {freeze, *Rage rC+
                  | Str+2} (You bought it in a shop on level 2 of the Orcish
                  | Mines)
 57499 | Vaults:2 | Reached XP level 19. HP: 153/159 MP: 19/41
 57575 | Vaults:2 | Identified the +5 glaive of Balance {elec, *Slow rElec
                  | rPois SInv}
 57960 | Vaults:2 | Found a staircase to the Crypt.
 58282 | Vaults:2 | Found Byutreli's Armour Shoppe.
 58986 | Vaults:2 | Paralysed by a formless jellyfish for 1 turns
 60362 | Orc:2    | Bought the +1 eveningstar of the Heart {flame, *Noise rF++
                  | rN+++} for 1258 gold pieces
 60523 | D:12     | Found a corrupted altar of Lugonu.
 60786 | Vaults:3 | Paralysed by a formless jellyfish for 1 turns
 61811 | Vaults:3 | Reached skill level 10 in Dodging
 62397 | Vaults:3 | Identified the +1 halberd "Uhu Xuid" {vamp, +Blink}
 63184 | Vaults:3 | Found Omiepnuo's Antique Weapon Shoppe.
 63523 | Vaults:3 | Bought an ivory short sword for 200 gold pieces
 63523 | Vaults:3 | Identified the +9 short sword of Ila Zozipo {chaos, Stlth+}
                  | (You bought it in a shop on level 3 of the Vaults)
 63616 | Crypt:1  | Entered Level 1 of the Crypt
 63668 | Crypt:1  | Gained mutation: You have hoof-like feet. [demonic
                  | ancestry]
 63668 | Crypt:1  | Reached XP level 20. HP: 170/170 MP: 15/43
 66581 | Crypt:2  | Noticed a royal mummy
 66853 | Crypt:2  | Killed a royal mummy
 67377 | Crypt:2  | Identified the +9 hand axe "Otwopp Geda" {pain, rElec}
 68270 | Crypt:2  | Found a basalt altar of Yredelemnul.
 68306 | Crypt:3  | Entered Level 3 of the Crypt
 69369 | Crypt:3  | Noticed a dread lich
 69388 | Crypt:3  | Killed a dread lich
 70095 | Crypt:3  | Reached XP level 21. HP: 180/180 MP: 15/45
 70378 | Crypt:3  | Identified the amulet of Nexesut {Spirit rPois rC++ rN++}
 70577 | Crypt:3  | Found a staircase to the Tomb.
 70730 | Crypt:3  | Found an ancient bone altar of Kikubaaqudgha.
 70736 | Crypt:3  | Found the +13 scythe of Curses {drain, curses, ^Drain}
 71467 | D:10     | Bought a manual of Evocations for 1120 gold pieces
 71643 | Slime:1  | Entered Level 1 of the Pits of Slime
 71714 | Slime:1  | Reached skill level 1 in Evocations
 71714 | Slime:1  | Gained mutation: You occasionally lose the ability to drink
                  | potions when taking damage. [a shining eye]
 72568 | Slime:2  | Paralysed by a formless jellyfish for 1 turns
 73065 | Vaults:4 | Found a flickering gateway to a bazaar.
 73082 | Bazaar   | Entered a bazaar
 73082 | Bazaar   | Found Nirazxefi's Assorted Antiques.
 73082 | Bazaar   | Found Mome's Distillery.
 73084 | Bazaar   | Found Wederchib's Armour Shoppe.
 73100 | Bazaar   | Found Luedanus's Assorted Antiques.
 73120 | Bazaar   | Bought a potion of haste for 310 gold pieces
 73130 | Bazaar   | Bought a scroll of teleportation for 81 gold pieces
 73134 | Bazaar   | Bought a +1 helmet of see invisible for 264 gold pieces
 73159 | Bazaar   | Bought a potion of curing for 39 gold pieces
 73159 | Bazaar   | Bought a potion of curing for 39 gold pieces
 73159 | Bazaar   | Bought a potion of curing for 39 gold pieces
 73159 | Bazaar   | Bought a potion of curing for 39 gold pieces
 73159 | Bazaar   | Bought a potion of curing for 39 gold pieces
 73167 | Bazaar   | Bought a potion of mutation for 104 gold pieces
 73579 | Vaults:4 | Reached skill level 5 in Evocations
 73966 | Vaults:4 | Identified the +12 pearl dragon scales of Indecent Exposure
                  | {*Corrode rN+ Regen+ Int+2 Dex+5}
 74369 | Vaults:4 | Reached skill level 5 in Stealth
 74691 | Vaults:4 | Identified the ring of Annaocw {rN+ Str+6}
 74695 | Vaults:4 | Identified the ring of Helet {rPois Str+6}
 74708 | Vaults:4 | Identified the ring "Vucvorou" {+Blink rN+ Will+ EV+5}
 74710 | Vaults:4 | Identified the +0 spear of Dishonour {speed, Will+}
 75134 | Vaults:4 | Identified the +4 scale mail of Laka {rC+ Regen+ Int-3}
 75456 | Vaults:4 | Paralysed by a sphinx for 5 turns
 75831 | Depths:1 | Entered Level 1 of the Depths
 76519 | Depths:1 | Noticed a juggernaut
 76521 | Depths:1 | Gained mutation: Your magical and physical power is
                  | enhanced at high health. [demonic ancestry]
 76521 | Depths:1 | Reached XP level 22. HP: 190/190 MP: 20/47
 76540 | Depths:1 | Reached skill level 10 in Evocations
 76608 | Depths:1 | Killed a juggernaut
 77071 | Depths:1 | Found a basalt altar of Yredelemnul.
 77200 | Depths:1 | Noticed an ancient lich
 77339 | Depths:1 | Killed an ancient lich
 77716 | Depths:1 | Found a gateway to Hell.
 77849 | Depths:1 | Identified the ring of Peus {Fly rF- rN+ Will++}
 77898 | Depths:1 | Got the Spellbook of Desecration
 78384 | Depths:2 | Found Geda Donlyv's Antique Armour Shoppe.
 78891 | Depths:2 | Noticed a juggernaut
 78905 | Depths:2 | Killed a juggernaut
 79009 | Depths:2 | Identified the +1 rapier of the Rattlesnake {pain, rC+ rN+
                  | Str+4}
 79501 | Depths:2 | Found Ciepiot's Antique Weapon Shop.
 79505 | Depths:2 | Found Agopea's Distillery.
 79505 | Depths:2 | Found Bemui's General Store.
 79851 | Depths:2 | Found Debeush's General Store.
 79853 | Depths:2 | Bought a crystal hand axe for 280 gold pieces
 79853 | Depths:2 | Identified the +1 hand axe "Dafrief" {freeze, rElec Will-
                  | rCorr Str+2} (You bought it in a shop on level 2 of the
                  | Depths)
 79961 | Depths:2 | Found a one-way gate leading to the halls of Pandemonium.
 80297 | Depths:2 | Bought a pair of glowing boots for 225 gold pieces
 80411 | Depths:3 | Noticed a caustic shrike
 80411 | Depths:3 | Noticed a caustic shrike
 80413 | Depths:3 | Noticed a caustic shrike
 80532 | Depths:3 | Killed a caustic shrike
 80606 | Depths:3 | Killed a caustic shrike
 80611 | Depths:3 | Killed a caustic shrike
 81379 | Depths:3 | Reached XP level 23. HP: 199/199 MP: 35/49
 81509 | Depths:3 | Noticed a caustic shrike
 81515 | Depths:3 | Killed a caustic shrike
 81941 | Depths:3 | Identified the +3 short sword "Pifaf" {protect, *Corrode
                  | rF+ Int+3}
 82016 | Depths:3 | Noticed a caustic shrike
 82025 | Depths:3 | Killed a caustic shrike
 82130 | Depths:3 | Noticed a caustic shrike
 82130 | Depths:3 | Noticed a caustic shrike
 82142 | Depths:3 | Killed a caustic shrike
 82145 | Depths:3 | Killed a caustic shrike
 82589 | Depths:4 | Entered Level 4 of the Depths
 82589 | Depths:4 | Found a one-way gateway to a ziggurat.
 82589 | Depths:4 | Found Qalot's Antique Weapon Shoppe.
 82595 | Depths:4 | Noticed Vv
 82742 | Depths:4 | Noticed Jory
 82817 | Depths:4 | Noticed Mennas
 82826 | Depths:4 | Killed Mennas
 82980 | Depths:4 | Found Xokesid's Book Shoppe.
 83601 | Depths:4 | Found Omasat's Book Shoppe.
 83603 | Depths:4 | Found Kuigo's Jewellery Shop.
 83884 | Depths:4 | Killed Vv
 83987 | Depths:4 | Killed Jory
 84304 | Depths:4 | Bought an ancient short sword for 344 gold pieces
 84304 | Depths:4 | Identified the +7 short sword "Loll" {flame, Str+3 Int+3}
                  | (You bought it in a shop on level 4 of the Depths)
 84360 | Depths:4 | Found Aapyapse's Alliterative Armaments.
 84878 | Depths:4 | Found a gate to the Realm of Zot.
 85550 | Slime:2  | Paralysed by a formless jellyfish for 1 turns
 85550 | Slime:2  | Gained mutation: You are frail. (-10% HP) [a shining eye]
 85983 | Slime:3  | Gained mutation: You have hidden genetic defects. [a
                  | shining eye]
 85986 | Slime:2  | Lost mutation: You occasionally lose the ability to drink
                  | potions when taking damage. [potion of mutation]
 85986 | Slime:2  | Lost mutation: You have hidden genetic defects. [potion of
                  | mutation]
 85986 | Slime:2  | Lost mutation: You are frail. (-10% HP) [potion of
                  | mutation]
 85986 | Slime:2  | Gained mutation: You possess an exceptional clarity of
                  | mind. [potion of mutation]
 86048 | Slime:3  | Gained mutation: You are dopey. (Int -2) [a shining eye]
 86959 | Slime:3  | Upgraded the game from 0.32-a0-329-ge6c31236d6 to
                  | 0.32-a0-350-g4f4d228785
 87432 | Slime:5  | Entered Level 5 of the Pits of Slime
 87542 | Slime:5  | Gained mutation: Your system is resistant to poisons.
                  | (rPois) [a shining eye]
 87552 | Slime:5  | Noticed the Royal Jelly
 87594 | Slime:5  | Gained mutation: You have hooves in place of feet. [demonic
                  | ancestry]
 87594 | Slime:5  | Reached XP level 24. HP: 210/210 MP: 20/49
 88440 | Slime:5  | Killed the Royal Jelly
 88708 | Slime:5  | Identified the amulet of Bayff {Acrobat rF+ rN+ Int+2}
 88879 | Slime:5  | Identified the dragon-blood talisman of Leduch {Str+3 Int+3
                  | Stlth-}
 89000 | Slime:5  | Got a slimy rune of Zot
 89114 | Slime:5  | Identified the amulet "Ynairrats" {Faith +Blink rF+ Dex+3}
 89505 | D:10     | Bought the ring of Xom's Capriciousness {Ice rCorr Dex+3}
                  | for 658 gold pieces
 89558 | Elf:1    | Entered Level 1 of the Elven Halls
 89558 | Elf:1    | Found Nosmir's Magic Scroll Shop.
 89700 | Elf:1    | Identified the +0 chain mail of Ejithritz {Dex+3}
 89709 | Elf:1    | Bought a scroll of acquirement for 832 gold pieces
 89709 | Elf:1    | Bought a scroll of teleportation for 48 gold pieces
 89709 | Elf:1    | Bought a scroll of teleportation for 48 gold pieces
 89709 | Elf:1    | Bought a scroll of teleportation for 48 gold pieces
 89709 | Elf:1    | Acquired the amulet of Finaon {RegenMP +Blink rElec rN+
                  | Stlth-}
 89875 | Elf:1    | Found Dokleof's Jewellery Shoppe.
 90250 | Elf:1    | Found Xumukhle's Weapon Boutique.
 90667 | Elf:1    | Identified the +10 glaive of Dissolution {venom, rElec
                  | rC+++ rN+ Int-2}
 91389 | Elf:2    | Found a runed translucent gate.
 91389 | Elf:2    | Found a runed translucent gate.
 91389 | Elf:2    | Found a runed translucent gate.
 91767 | Elf:3    | Entered Level 3 of the Elven Halls
 92188 | Elf:3    | Identified the +5 halberd "Ritaqaty" {antimagic, rElec rN+
                  | Str+2}
 92379 | Elf:3    | Identified the amulet "Doyfuugyr" {Spirit rElec Int-4 SInv}
 92784 | Elf:3    | Identified the +3 robe "Qumap" {MP+9 Archmagi}
 92784 | Elf:3    | Noticed Boris
 92791 | Elf:3    | Killed Boris
 92903 | Elf:3    | Noticed Bai Suzhen
 92908 | Elf:3    | Killed Bai Suzhen
 93071 | Elf:3    | Identified the +0 chain mail of Biarr {Str+2 Int+3}
 93408 | Elf:3    | Got the Writings on Ozone
 93409 | Elf:3    | Identified the +0 robe "Ninnezo" {rElec Str-5 Int+4 Dex+2}
 93447 | Elf:3    | Identified the storm talisman of Dim Light {Str+2}
 93471 | Elf:3    | Identified the +1 robe of Beogh's Generosity {rN+ Str+7
                  | Dex-2}
 93576 | Elf:3    | Got Sif Muna's Book of Hexing and Lamentation
 93619 | Elf:3    | Got the Octavo of Polluted Subspace
 93873 | Elf:3    | Found a shimmering blue altar of Sif Muna.
 94418 | Depths:4 | Bought an Everburning Encyclopedia for 608 gold pieces
 94427 | Depths:4 | Learned a level 8 spell: Ignition
 94713 | Vaults:5 | Entered Level 5 of the Vaults
 94851 | Vaults:5 | Noticed a dread lich
 94882 | Vaults:4 | Killed a dread lich
 94978 | Vaults:5 | Noticed a dread lich
 94984 | Vaults:5 | Gained mutation: You are completely covered in sharp
                  | spines. [demonic ancestry]
 94984 | Vaults:5 | Reached XP level 25. HP: 194/219 MP: 33/50
 94986 | Vaults:5 | Killed a dread lich
 95075 | Vaults:5 | Noticed a dread lich
 95078 | Vaults:5 | Killed a dread lich
 95138 | Vaults:5 | Identified the +4 flail "Qesykk" {venom, Str+2}
 95295 | Vaults:5 | Identified the ring of Zin's Castigation {EV+5 Int+4 Dex-5}
 95971 | Vaults:5 | Identified the +0 robe of Leaves {Regen+}
 96063 | Vaults:5 | Identified the +8 falchion of Heukh {freeze, Dex+2}
 96140 | Vaults:5 | Got a silver rune of Zot
 96267 | Vaults:5 | Identified the +2 robe "Duizaygo" {Int+3}
 96267 | Vaults:5 | Noticed Boris
 96273 | Vaults:5 | Killed Boris
 97004 | Vaults:5 | Identified the +1 dagger of Gallantry {holy, rElec Dex+2}
 98273 | Zot:1    | Entered Level 1 of the Realm of Zot
 98429 | Zot:1    | Identified the +0 flail of Qubboumo {flame, Will- Str+3
                  | Int+2}
 98767 | Zot:1    | Found Himeral's CLEARANCE SALE!.
 98932 | Zot:1    | Bought a scroll of teleportation for 15 gold pieces
 98932 | Zot:1    | Bought a scroll of teleportation for 15 gold pieces
 99895 | Zot:1    | Reached skill level 10 in Shields
101237 | D:10     | Bought shiny gold dragon scales for 1992 gold pieces
101953 | Zot:2    | Reached skill level 10 in Fire Magic
102307 | Zot:2    | Noticed an orb of fire
102308 | Zot:2    | Gained mutation: You are very dopey. (Int -4) [an orb of
                  | fire]
102521 | Zot:2    | Killed an orb of fire
102522 | Zot:2    | Gained mutation: Your magical and physical power is greatly
                  | enhanced at high health. [demonic ancestry]
102522 | Zot:2    | Reached XP level 26. HP: 228/228 MP: 29/51
104069 | Zot:3    | You fall into a shaft and drop 1 floor!
104271 | Zot:3    | Reached skill level 15 in Evocations
107096 | Zot:5    | Entered Level 5 of the Realm of Zot
108875 | Zot:5    | Noticed an ancient lich
109005 | Zot:5    | Noticed a dread lich
109011 | Zot:5    | Killed a dread lich
109129 | Zot:5    | Killed an ancient lich
109209 | Zot:5    | Noticed an orb of fire
109213 | Zot:5    | Killed an orb of fire
109365 | Zot:5    | Noticed a dread lich
109468 | Zot:5    | Noticed an orb of fire
109474 | Zot:5    | Gained mutation: Your magical capacity is low. (-10% MP)
                  | [an orb of fire]
109477 | Zot:5    | Killed an orb of fire
109757 | Zot:5    | Gained mutation: You frequently emit foul miasma when
                  | damaged in melee. [demonic ancestry]
109757 | Zot:5    | Reached XP level 27. HP: 238/238 MP: 33/46
109781 | Zot:5    | Noticed a dread lich
109807 | Zot:5    | Noticed an orb of fire
110404 | Zot:5    | Killed a dread lich
110732 | Zot:5    | Killed an orb of fire
111117 | Zot:5    | Noticed an orb of fire
111121 | Zot:5    | Killed an orb of fire
111415 | Zot:5    | Killed a dread lich
114527 | Hell     | Entered the Vestibule of Hell
114527 | Hell     | Noticed Geryon
114648 | Hell     | Noticed Murray
115076 | Depths:4 | Killed Murray
115556 | Hell     | Killed Geryon
115963 | Hell     | Found a gateway to the ashen valley of Gehenna.
116661 | Hell     | Found a gateway to the decaying netherworld of Tartarus.
116754 | Hell     | Found a gateway to the freezing wastes of Cocytus.
117669 | Hell     | Found a gateway to the Iron City of Dis.
117857 | Pan      | Entered Pandemonium
117944 | Pan      | Found an exit through the horrors of the Abyss.
117999 | Pan      | Noticed Huungaq the pandemonium lord
118005 | Pan      | Killed Huungaq the pandemonium lord
121790 | Pan      | Noticed Edowaism the pandemonium lord
121795 | Pan      | Killed Edowaism the pandemonium lord
124265 | Pan      | Got a demonic rune of Zot
124865 | Depths:3 | Escaped Pandemonium
124884 | Pan      | Entered Pandemonium
124884 | Pan      | Found a huge runed translucent gate.
126869 | Pan      | Identified the +1 great mace of Amorality {protect, *Slow
                  | rElec rPois Stlth+}
126962 | Pan      | Found a huge runed translucent gate.
127377 | Pan      | Found a huge runed translucent gate.
127379 | Pan      | Found a huge runed translucent gate.
127379 | Pan      | Found a huge runed translucent gate.
127379 | Pan      | Found a huge runed translucent gate.
127380 | Pan      | Found a huge runed translucent gate.
127836 | Pan      | Noticed Voriphon the pandemonium lord
128284 | Pan      | Killed Voriphon the pandemonium lord
128912 | Pan      | Reached skill level 15 in Fire Magic
131167 | Pan      | Found an exit through the horrors of the Abyss.
131497 | Pan      | Reached skill level 27 in Spellcasting
132776 | Pan      | Noticed Amipil the pandemonium lord
133413 | Pan      | Reached skill level 27 in Fighting
133657 | Pan      | Noticed Qoohul the pandemonium lord
133673 | Pan      | Killed Qoohul the pandemonium lord
134857 | Pan      | Reached skill level 1 in Maces & Flails
135245 | Pan      | Got Zuirhun's Advanced Mysticism
135980 | Pan      | Found an exit through the horrors of the Abyss.
137377 | Pan      | Found a corrupted altar of Lugonu.
138900 | Pan      | Identified the ring of Zeurif {rElec rPois Will++ Int+6
                  | Stlth+}
141998 | Pan      | Noticed Meosmunn the pandemonium lord
142188 | Pan      | Entered the realm of Gloorx Vloq.
143168 | Pan      | Reached skill level 15 in Armour
143190 | Pan      | Reached skill level 15 in Dodging
143910 | Pan      | Reached skill level 5 in Maces & Flails
145942 | Pan      | Reached skill level 15 in Shields
148678 | Pan      | Noticed Gloorx Vloq
151234 | Pan      | Killed Gloorx Vloq
151394 | Pan      | Got a dark rune of Zot
152906 | Pan      | Entered the realm of Lom Lobon.
153403 | Pan      | Found an exit through the horrors of the Abyss.
155924 | Pan      | Noticed Lom Lobon
156571 | Pan      | Killed Lom Lobon
156572 | Pan      | Reached skill level 10 in Maces & Flails
156861 | Pan      | Got a magical rune of Zot
157926 | Pan      | Noticed Baonian the pandemonium lord
157957 | Pan      | Killed Baonian the pandemonium lord
158646 | Pan      | Noticed Ignacio
158657 | Pan      | Killed Ignacio
158757 | Pan      | Found an exit through the horrors of the Abyss.
159208 | Pan      | Identified the +0 robe of Serendipity {rPois Will+ Dex+2}
159299 | Pan      | Identified the +3 chain mail of Uloew {Int+3}
159766 | Depths:3 | Escaped Pandemonium
160180 | Elf:3    | Bought a scroll of fear for 100 gold pieces
160238 | Elf:1    | Noticed Louise
160239 | Elf:1    | Killed Louise
160496 | Depths:2 | Learned a level 6 spell: Plasma Beam
160505 | Depths:2 | Learned a level 8 spell: Lehudib's Crystal Spear
160513 | Depths:2 | Learned a level 7 spell: Spellforged Servitor
160590 | Pan      | Entered the realm of Mnoleg.
160590 | Pan      | Entered Pandemonium
161201 | Pan      | Lost mutation: Your system is resistant to poisons. (rPois)
                  | [a cacodemon]
161453 | Pan      | Gained mutation: Your magical capacity is very low. (-20%
                  | MP) [a cacodemon]
161520 | Pan      | Noticed Mnoleg
161612 | Pan      | Gained mutation: Your body sometimes deteriorates upon
                  | taking damage. [a cacodemon]
161726 | Pan      | Gained mutation: You occasionally lose the ability to drink
                  | potions when taking damage. [a cacodemon]
161730 | Pan      | Gained mutation: You have hidden genetic defects. [a
                  | cacodemon]
161852 | Pan      | Lost mutation: You possess an exceptional clarity of mind.
                  | [potion of mutation]
161852 | Pan      | Lost mutation: You occasionally lose the ability to drink
                  | potions when taking damage. [potion of mutation]
161852 | Pan      | Gained mutation: You expend magic power (3 MP) to
                  | strengthen your wands. [potion of mutation]
161852 | Pan      | Gained mutation: You are agile. (Dex +4, Str/Int -1)
                  | [potion of mutation]
161853 | Pan      | Lost mutation: Your magical capacity is very low. (-20% MP)
                  | [potion of mutation]
161853 | Pan      | Lost mutation: You are agile. (Dex +4, Str/Int -1) [potion
                  | of mutation]
161853 | Pan      | Lost mutation: You are very dopey. (Int -4) [potion of
                  | mutation]
161853 | Pan      | Gained mutation: Your muscles are strong. (Str +4, Int/Dex
                  | -1) [potion of mutation]
161854 | Pan      | Lost mutation: Your muscles are strong. (Str +4, Int/Dex
                  | -1) [potion of mutation]
161854 | Pan      | Lost mutation: You expend magic power (3 MP) to strengthen
                  | your wands. [potion of mutation]
161854 | Pan      | Lost mutation: You are dopey. (Int -2) [potion of mutation]
161854 | Pan      | Lost mutation: You have hidden genetic defects. [potion of
                  | mutation]
161854 | Pan      | Gained mutation: You are frail. (-10% HP) [potion of
                  | mutation]
162018 | Pan      | Gained mutation: You occasionally shout uncontrollably at
                  | your foes. [a neqoxec]
162061 | Pan      | Gained mutation: You are vulnerable to heat. (rF-) [a
                  | cacodemon]
162062 | Pan      | Gained mutation: You frequently scream uncontrollably at
                  | your foes. [a cacodemon]
162154 | Pan      | Killed Mnoleg
162248 | Pan      | Gained mutation: Your body often deteriorates upon taking
                  | damage. [a neqoxec]
162389 | Pan      | Gained mutation: You are weak. (Str -2) [a cacodemon]
162973 | Pan      | Reached skill level 27 in Conjurations
163077 | Pan      | Identified the +7 mace "Zaxkenaz" {freeze, *Slow rCorr
                  | Dex+2}
163347 | Pan      | Identified the +4 great sword of Res Nullius {flame, Fly
                  | rN++ rCorr MP-9}
163377 | Pan      | Got a glowing rune of Zot
163416 | Pan      | Entered the realm of Cerebov.
163419 | Pan      | Lost mutation: Your body often deteriorates upon taking
                  | damage. [potion of mutation]
163419 | Pan      | Lost mutation: You are vulnerable to heat. (rF-) [potion of
                  | mutation]
163419 | Pan      | Gained mutation: You do not regenerate when monsters are
                  | visible. [potion of mutation]
163419 | Pan      | Gained mutation: You are resistant to electric shocks.
                  | (rElec) [potion of mutation]
163419 | Pan      | Lost mutation: You are frail. (-10% HP) [potion of
                  | mutation]
163420 | Pan      | Lost mutation: You are resistant to electric shocks.
                  | (rElec) [potion of mutation]
163420 | Pan      | Lost mutation: You do not regenerate when monsters are
                  | visible. [potion of mutation]
163420 | Pan      | Lost mutation: You frequently scream uncontrollably at your
                  | foes. [potion of mutation]
163420 | Pan      | Gained mutation: You are somewhat resistant to further
                  | mutation. [potion of mutation]
163421 | Pan      | Lost mutation: You are weak. (Str -2) [potion of mutation]
163421 | Pan      | Lost mutation: Your body sometimes deteriorates upon taking
                  | damage. [potion of mutation]
163421 | Pan      | Lost mutation: Your magical capacity is low. (-10% MP)
                  | [potion of mutation]
163421 | Pan      | Gained mutation: You occasionally lose the ability to drink
                  | potions when taking damage. [potion of mutation]
163422 | Pan      | Lost mutation: You are somewhat resistant to further
                  | mutation. [potion of mutation]
163422 | Pan      | Lost mutation: You occasionally lose the ability to drink
                  | potions when taking damage. [potion of mutation]
163422 | Pan      | Gained mutation: You occasionally lose the ability to drink
                  | potions when taking damage. [potion of mutation]
163423 | Pan      | Lost mutation: You occasionally lose the ability to drink
                  | potions when taking damage. [potion of mutation]
163423 | Pan      | Lost mutation: You occasionally shout uncontrollably at
                  | your foes. [potion of mutation]
163423 | Pan      | Gained mutation: You are agile. (Dex +4, Str/Int -1)
                  | [potion of mutation]
164074 | Pan      | Found an exit through the horrors of the Abyss.
164292 | Pan      | Identified the ring "Var Sakk" {rN+ AC+4 Str+4}
164562 | Pan      | Identified the ring of Sunlight {rCorr Int+3 Slay+2}
164564 | Pan      | Identified the amulet "Dojom" {Reflect ^Drain rF+ Str+5
                  | SH+5}
164589 | Pan      | Identified the +2 flail of Ajogh {venom, Fly rN+ Int+2
                  | Dex+4}
164590 | Pan      | Identified the ring of the Endless Expanse {rElec MP+9
                  | Str+3 Int+2}
164767 | Pan      | Identified the +5 falchion of Pyrryam {drain, *Slow Dex+4}
164789 | Pan      | Found the +6 sword of Cerebov {flame}
164789 | Pan      | Noticed Cerebov
165052 | Pan      | Got a fiery rune of Zot
165216 | Pan      | Killed Cerebov
165522 | Pan      | Took an exit into the Abyss.
165522 | Abyss:1  | Escaped into the Abyss
165609 | Abyss:3  | Noticed an ancient lich
165857 | Abyss:3  | Found a burning altar of Makhleb.
166010 | Abyss:3  | Gained mutation: Your health recovers twice as slowly from
                  | being drained. [a shining eye]
166011 | Abyss:3  | Gained mutation: You have hidden genetic defects. [a
                  | shining eye]
166019 | Abyss:3  | Noticed an ancient lich
166042 | Abyss:3  | Killed an ancient lich
166048 | Depths:2 | Escaped the Abyss
166049 | Depths:2 | Lost mutation: You are agile. (Dex +4, Str/Int -1) [potion
                  | of mutation]
166049 | Depths:2 | Lost mutation: You have hidden genetic defects. [potion of
                  | mutation]
166049 | Depths:2 | Gained mutation: Your magical capacity is low. (-10% MP)
                  | [potion of mutation]
166049 | Depths:2 | Gained mutation: You are weak. (Str -2) [potion of
                  | mutation]
166049 | Depths:2 | Gained mutation: Your spells are a little harder to cast,
                  | but a little more powerful. [potion of mutation]
166050 | Depths:2 | Lost mutation: You are weak. (Str -2) [potion of mutation]
166050 | Depths:2 | Lost mutation: Your spells are a little harder to cast, but
                  | a little more powerful. [potion of mutation]
166050 | Depths:2 | Lost mutation: Your magical capacity is low. (-10% MP)
                  | [potion of mutation]
166050 | Depths:2 | Gained mutation: You are clumsy. (Dex -2) [potion of
                  | mutation]
166050 | Depths:2 | Gained mutation: Your muscles are strong. (Str +4, Int/Dex
                  | -1) [potion of mutation]
166050 | Depths:2 | Lost mutation: Your muscles are strong. (Str +4, Int/Dex
                  | -1) [potion of mutation]
166051 | Depths:2 | Lost mutation: You are clumsy. (Dex -2) [potion of
                  | mutation]
166051 | Depths:2 | Lost mutation: Your health recovers twice as slowly from
                  | being drained. [potion of mutation]
166051 | Depths:2 | Gained mutation: You expend magic power (3 MP) to
                  | strengthen your wands. [potion of mutation]
166174 | Depths:2 | Bought a runed helmet for 225 gold pieces
166237 | Zig:1    | Entered Level 1 of a ziggurat
166270 | Zig:2    | Entered Level 2 of a ziggurat
166304 | Zig:2    | Identified the orb "Fahuitz" {light, *Slow MP-9 Stlth+
                  | Hexes}
166308 | Zig:3    | Entered Level 3 of a ziggurat
166363 | Zig:4    | Entered Level 4 of a ziggurat
166417 | Zig:5    | Entered Level 5 of a ziggurat
166422 | Zig:5    | Noticed a dread lich
166423 | Zig:5    | Noticed a dread lich
166425 | Zig:5    | Killed a dread lich
166425 | Zig:5    | Killed a dread lich
166464 | Zig:6    | Entered Level 6 of a ziggurat
166561 | Zig:7    | Entered Level 7 of a ziggurat
166816 | Zig:7    | Identified the ring of Doaxil {rPois rF- rC+++ Dex-2 SInv}
166890 | Zig:8    | Entered Level 8 of a ziggurat
166932 | Zig:8    | Found the +10 tower shield of Ignorance {rN+ Int-4}
166948 | Zig:8    | Identified the +5 flail of the Howling Butterfly {pain,
                  | rElec rN+ Str+3}
166975 | Zig:9    | Entered Level 9 of a ziggurat
167073 | Zig:9    | Acquired the +2 pair of gloves of Duck's Teeth {Int+3}
167092 | Zig:10   | Entered Level 10 of a ziggurat
167177 | Zig:10   | Identified the +3 pair of gloves of Necleluh {Fly}
167184 | Zig:10   | Got the Incunable of Crysopoeia and Unspeakable Spells
167201 | Zig:10   | Identified the +0 pair of boots of Hulymel {Dex+2}
167217 | Zig:11   | Entered Level 11 of a ziggurat
167274 | Zig:11   | Noticed a royal mummy
167275 | Zig:11   | Noticed a royal mummy
167277 | Zig:11   | Killed a royal mummy
167280 | Zig:11   | Killed a royal mummy
167437 | Zig:12   | Entered Level 12 of a ziggurat
167449 | Zig:12   | Gained mutation: You are vulnerable to cold. (rC-) [a
                  | neqoxec]
167547 | Zig:12   | Identified the +4 dire flail of Narof {vamp, Int+3 Stlth+}
167554 | Zig:12   | Identified the amulet "Utiopops" {Acrobat Rampage rPois}
167556 | Zig:12   | Identified the ring of Hauggut {rC+ Int+3}
167619 | Zig:13   | Entered Level 13 of a ziggurat
167630 | Zig:13   | Noticed an ancient lich
167631 | Zig:13   | Noticed an ancient lich
167633 | Zig:13   | Noticed a dread lich
167634 | Zig:13   | Noticed an ancient lich
167635 | Zig:13   | Killed an ancient lich
167635 | Zig:13   | Killed an ancient lich
167638 | Zig:13   | Killed a dread lich
167641 | Zig:13   | Killed an ancient lich
167756 | Zig:13   | Identified the +4 mace of Gamoalah {freeze, Dex+2}
167764 | Zig:13   | Identified the ring of the Magpie {rF- AC+4 Dex+7}
167844 | Zig:14   | Entered Level 14 of a ziggurat
167973 | Zig:14   | Identified the +9 short sword "Tyutwir" {pain, rC+ Str+6
                  | Int-5}
167978 | Zig:14   | Identified the +2 short sword of the Valley of Death {vamp,
                  | rF+}
167997 | Zig:14   | Identified the ring of Serendipity {Ice +Blink rCorr Int+9
                  | Dex-5}
168004 | Zig:14   | Identified the +9 glaive of the Fray {venom, rElec rF-
                  | Will- rCorr}
168007 | Zig:14   | Identified the ring of Fiudghuj {rN+ Str+3 Dex+6}
168016 | Zig:14   | Identified the +7 broad axe of Inaradargh {flame, Str+2}
168042 | Zig:15   | Entered Level 15 of a ziggurat
168179 | Zig:15   | Identified the ring "Nazxom" {rF++ EV+5 Slay-2 SInv}
168188 | Zig:15   | Identified the +10 trident "Dragon's Foe" {vamp, rElec rC+
                  | Str-4 Dex+2}
168204 | Zig:15   | Identified the +3 dagger of the Dragonfly {holy, rPois rF+
                  | rC+ rN+}
168260 | Zig:16   | Entered Level 16 of a ziggurat
168362 | Zig:16   | Identified the +7 orcbow of Ibrymnihe {flame, rElec Str+4
                  | Dex-5}
168386 | Zig:17   | Entered Level 17 of a ziggurat
168398 | Zig:17   | Found the +9 sword of Zonguldrok {reap}
168464 | Zig:17   | Identified the ring of Attitude {rF+ rN+ MP+9 Stlth+}
168470 | Zig:17   | Identified the ring "Waet" {Ice ^Drain Will++ Str+2 Dex+3}
168485 | Zig:17   | Identified the staff of the Shore {+Blink Fly rC- Conj
                  | Earth}
168490 | Zig:17   | Identified the +5 trident of the Rescuing Seeker {drain,
                  | rElec rCorr Str-4 Int-3}
168511 | Zig:17   | Identified the +9 dire flail "Tulu Pis" {drain, rC+ Will+++
                  | Dex+5}
168512 | Zig:17   | Identified the +9 short sword "Umidisero" {speed, rCorr
                  | Int+3 SInv}
168517 | Zig:17   | Identified the +5 shadow dragon scales "Wugyprul" {rElec
                  | rF+ Regen+ Int-2 Stlth++++}
168565 | Zig:18   | Entered Level 18 of a ziggurat
168587 | Zig:18   | Noticed a dread lich
168606 | Zig:18   | Noticed a dread lich
168610 | Zig:18   | Found the ring of the Hare {EV+10}
168623 | Zig:18   | HP: 11/249 [hellion/damnation (25)]
168630 | Zig:18   | HP: 8/249 [doom hound (11)]
168631 | Zig:18   | Slain by a tainted leviathan

Illustrated notes

Levels and vault maps discovered:
D:1:      nicolae_arrival_memento_mori, layout_rooms, basic_ecumenical_altar,
          minmay_3d_cube
D:2:      layout_basic, uniq_natasha, uniq_robin
D:3:      layout_loops_ring, lightli_temple_of_fire, trog_book
D:4:      layout_cave_pods, kennysheep_mini
D:5:      layout_loops_ring, kennysheep_windowed_goal, uniq_sigmund
D:6:      layout_rooms, chequers_temple_overflow_statue_of_worship,
          lemuel_temple_firewalk_a, uniq_pikel
D:7:      layout_cave_pods, serial_shops, kennysheep_mini_moat,
          nrook_mini_backslash, minmay_mini_ossuary
D:8:      layout_basic, grunt_temple_overflow_gold_and_silver,
          mainiacjoe_overflow_alcove_1, uniq_maggie, uniq_erica
D:9:      layout_roguey, fedhas_altar_fruit_tree, due_lair_maze_entry_diamond,
          minivault_14, nzn_life_drinkers
D:10:     layout_roguey, orc_0_dummy, enter_bailey_2, nrook_campfire
D:11:     layout_gridville, uniq_erolcha
D:12:     dragon1_lemuel, layout_long_grid, special_room [special_room_orc],
          corner_web_ring, marbit_kobold_abyssish
D:13:     layout_big_octagon, david_vaults_2
D:14:     layout_basic, serial_shops, shop, nicolae_shop_tiny_statue_garden,
          shop, dreamdust_princess_bridge, okawaru_trees_1
D:15:     hellmonk_depths_entry_around_the_bend, layout_long_grid
Temple:   hellmonk_temple_two_chambers
Lair:1:   layout_hall_layers
Lair:2:   layout_cave_pods, nicolae_spider_entry_orb_guardian
Lair:3:   layout_cave_pods, elwin_shoals_entry_rocks, grunt_megastairs_3,
          infiniplex_staircase_pool_2
Lair:4:   cheibrodos_lair_overgrown_chateau, layout_loops_ring,
          minmay_slime_entry_oklob_open, uniq_nessos, uniq_josephine, uniq_kirke
Lair:5:   hellmonk_lair_end_abyssal_woods, layout_regular_city
Shoals:1: layout_shoals
Shoals:2: layout_shoals, uniq_aizul
Shoals:3: layout_shoals, serial_shops, shop, nicolae_shoals_shepherds
Shoals:4: shoals_end_hellmonk_lost_city
Spider:1: layout_chambers, drop_trap, guppyfry_spider_mini_2, uniq_roxanne
Spider:2: layout_cave_pods
Spider:3: layout_spider_delve, hangedman_spider_tarantella_strand
Spider:4: grunt_spider_rune_circles
Slime:1:  layout_caves, cheibrodos_slime_lost_civilization_5
Slime:2:  layout_caves
Slime:3:  layout_caves, basic_altar, cheibrodos_slime_lost_civilization_4
Slime:4:  layout_caves
Slime:5:  slime_pit_nicolae_jellycorners
Orc:1:    cheibrodos_orc_guarddog, layout_diamond_mine, serial_shops,
          nicolae_shop_rolled_up, nicolae_specific_store
Orc:2:    st_orc_mages, layout_caves, serial_shops, nicolae_shop_trees
Elf:1:    layout_gridlike, serial_shops, shop,
          nicolae_shop_bloodbath_and_beyond, nicolae_shop_window_shopping,
          nicolae_elf_crossing_hall, drop_trap, uniq_louise
Elf:2:    elven_hall_of_blades_hangedman_original [nicolae_blade_lattice],
          layout_geoelf_octagon
Elf:3:    grunt_elf_hall_diamonds, layout_gridlike, lemuel_statue_altar,
          uniq_bai_suzhen, uniq_boris
Vaults:1: ontoclasm_vaults_bender, vaults_room_hallway, v_misc_8,
          dpeg_vaults_monster_row, nicolae_vaults_storage_closets_3,
          ontoclasm_vaults_idyll, nicolae_vaults_display_case,
          ontoclasm_vaults_shuriken, grunt_vaults_twisty,
          nicolae_vaults_double_plus_3, vaults_room_boxed, layout_vaults_ring,
          uniq_donald
Vaults:2: v_pattern_4, nicolae_vaults_border_crossing, kb_rosetta,
          nicolae_vaults_taking_the_gang_shopping,
          nicolae_vaults_big_angled_halls, v_alt_pattern_6,
          nicolae_vaults_sesquioval_fish, v_misc_3,
          nicolae_vaults_storage_room_glass, nicolae_vaults_storage_room_water,
          layout_vaults_omnigrid, minmay_crypt_entry_simple_sparse, uniq_margery
Vaults:3: nicolae_vaults_corridor_and_loot_room, nicolae_vaults_theta,
          nicolae_vaults_offset_grid_hallway_4, vaults_room_door_ring,
          nicolae_vaults_house_2, nicolae_vaults_ninety_degrees, v_pattern_2,
          grunt_vaults_hallway_short, nicolae_vaults_closet_pinwheel_6,
          vaults_mumra_chevron, nicolae_vaults_trapezoid_1,
          nicolae_vaults_weapon_check, nicolae_vaults_closet_pinwheel_5,
          vaults_room_large_hall, nicolae_vaults_house_3,
          nicolae_vaults_trapezoid_4, v_misc_24, layout_vaults_maze,
          serial_shops, shop, serial_glass
Vaults:4: hangedman_vaults_corner, nicolae_vaults_sesquioval_fish,
          nicolae_vaults_bisected_inception, ontoclasm_vaults_loading_screen,
          v_misc_11, nicolae_vaults_steering_wheel, nicolae_vaults_spaceships,
          nicolae_vaults_tetromino_T_1, nicolae_vaults_six-pack,
          nicolae_vaults_storing_the_good_stuff, nicolae_vaults_angled_halls,
          layout_vaults_omnibox, serial_shops, bzr_entry_water
Vaults:5
Crypt:1:  layout_misc_corridors, st_chilly_death,
          roderic_lattice_octagonal_star, grunt_crypt_arrival_webbed
Crypt:2:  layout_chaotic_city, st_stairs_9, nicolae_crypt_tutankhamun
Crypt:3:  cryptofortress_bobbens
Depths:1: layout_gridlike, yredelemnul_altar_generic, special_room
          [special_room_morgue], hell_entry, ice2_lemuel, grunt_megastairs_4
Depths:2: cheibrodos_hall_of_evolution, layout_cave_pools,
          rand_demon_pan_entry_4, serial_shops, nicolae_shop_window_shopping,
          hell_entry, minmay_crystal_water, minmay_staircase_statues_hall_small,
          minmay_shoptagon
Depths:3: minmay_tile_spiral, layout_basic, pan_entry, hangedman_decor_opposing,
          abyss_entry, pf_hell_entry_great_geh, infiniplex_staircase_door_maze
Depths:4: grunt_zot_entry_pinwheel, layout_cave_shapes, enter_ziggurat_e,
          grunt_mini_vestibule, serial_shops, shop, hangedman_decor_lopped,
          monkooky_shop_alliterative, minmay_shop_grove, serial_bayou_shore_b,
          uniq_jory, uniq_mennas, uniq_vv
Hell
Zot:1:    layout_onion_interference, nicolae_shop_clearance
Zot:2:    layout_basic, regret_index_zotdec_banners
Zot:3:    layout_cathedral_of_symmetry, zot_minivault_4
Zot:4:    layout_cellular_growth, hangedman_zot_decor_scrapings, st_stairs_14,
          grunt_ministairs_15, zot_minivault_1
Zot:5:    layout_misc_corridors, drop_trap
Zig:18:   ziggurat_pillar_abc, ziggurat_pillar_abc, ziggurat_pillar_abc,
          ziggurat_pillar_abc

Skill      XL: |  1  2  3  4  5  6  7  8  9 10 11 12 13 14 15 16 17 18 19 20 21 22 23 24 25 26 27 |
---------------+----------------------------------------------------------------------------------+-----
Stealth        | 2 3 4 5 7 |  7.0
Fighting       | 1 2 3 4 5 7 8 9 10 11 12 13 14 15 16 17 19 20 22 23 24 27 | 27.0
Spellcasting   | 3 4 6 7 9 11 12 13 15 16 17 18 19 20 21 22 23 24 25 27 | 27.0
Conjurations   | 5 6 7 8 9 10 11 12 13 14 16 18 19 21 22 27 | 27.0
Alchemy        | 2 3 |  3.0
Translocations | 2 4 5 |  5.0
Dodging        | 2 4 5 7 8 9 10 11 12 14 15 | 15.0
Shields        | 2 4 5 6 11 13 15 | 15.0
Fire Magic     | 3 6 7 10 12 25 | 25.1
Armour         | 7 10 11 12 13 14 21 | 21.9
Evocations     | 9 12 13 14 15 16 | 16.0
Maces & Flails | 10 | 10.0

Action                     |  1- 3 |  4- 6 |  7- 9 | 10-12 | 13-15 | 16-18 | 19-21 | 22-24 | 25-27 || total
---------------------------+-------+-------+-------+-------+-------+-------+-------+-------+-------++-------
  Melee: Unarmed           |     5 |    18 |       |       |       |       |       |       |       ||    23
         Whip              |       |       |    24 |       |       |       |       |       |       ||    24
         Trident           |       |       |     8 |    86 |   128 |    29 |     8 |       |       ||   259
         Falchion          |       |       |       |       |       |       |    21 |       |       ||    21
         Eveningstar       |       |       |       |       |       |       |    12 |    12 |   511 ||   535
         Kick              |       |       |       |       |       |       |       |     2 |   335 ||   337
         Dagger            |       |       |       |       |       |       |       |       |     1 ||     1
  Throw: Javelin           |       |       |       |       |       |       |       |       |     5 ||     5
   Cast: Magic Dart        |    58 |   187 |   191 |   259 |   578 |       |       |       |       ||  1273
         Searing Ray       |       |       |    18 |    62 |    14 |       |       |     4 |       ||    98
         Iskenderun's Myst |       |       |       |    82 |   312 |   151 |   150 |   123 |   456 ||  1274
         Fulminant Prism   |       |       |       |       |    27 |       |       |       |       ||    27
         Fireball          |       |       |       |       |   426 |   631 |   517 |   428 |   177 ||  2179
         Orb of Destructio |       |       |       |       |     5 |   123 |   250 |   285 |  2954 ||  3617
         Starburst         |       |       |       |       |       |    48 |    88 |   124 |    92 ||   352
         Fire Storm        |       |       |       |       |       |       |       |       |    74 ||    74
         Ignition          |       |       |       |       |       |       |       |       |    40 ||    40
 Invoke: Potion Petition   |       |       |       |     1 |       |       |     1 |       |    25 ||    27
         Call Merchant     |       |       |       |       |     3 |     2 |       |     1 |     5 ||    11
Ability: Evoke Blink       |       |       |       |       |       |       |       |       |     4 ||     4
  Evoke: Wand              |       |       |       |     1 |     3 |       |     5 |     1 |     6 ||    16
         Tin of tremorston |       |       |       |       |       |     1 |       |     2 |     4 ||     7
         Lightning rod     |       |       |       |       |       |       |     4 |     1 |     4 ||     9
         Phantom mirror    |       |       |       |       |       |       |       |     2 |     4 ||     6
         Phial of floods   |       |       |       |       |       |       |       |     1 |     1 ||     2
         Horn of Geryon    |       |       |       |       |       |       |       |       |     4 ||     4
    Use: Potion            |     1 |       |       |     1 |       |     2 |     1 |     7 |    33 ||    45
         Scroll            |       |       |       |    19 |    14 |     6 |     3 |     3 |    26 ||    71
   Stab: Distracted        |       |       |       |     3 |     2 |       |       |       |     9 ||    14
         Invisible         |       |       |       |       |       |       |       |       |     1 ||     1
 Armour: Robe              |    13 |    40 |    80 |       |       |       |       |       |       ||   133
         Acid dragon scale |       |       |    15 |   266 |   438 |   283 |       |       |       ||  1002
         Leather armour    |       |       |       |       |       |    21 |       |       |       ||    21
         Ring mail         |       |       |       |       |       |    11 |   145 |       |       ||   156
         Pearl dragon scal |       |       |       |       |       |       |    55 |   269 |  1203 ||  1527
         Skin              |       |       |       |       |       |       |       |       |    31 ||    31
  Dodge: Dodged            |     7 |    27 |    89 |   140 |   273 |   186 |   136 |   201 |  1275 ||  2334
  Block: Buckler           |       |       |       |       |    42 |    81 |    42 |    82 |   759 ||  1006

Table legend: (Time is in decaauts)
 A = Elapsed time spent in this place.
 B = Non-inter-level travel time spent in this place.
 C = Inter-level travel time spent in this place.
 D = Time resting spent in this place.
 E = Time spent auto-exploring this place.
 F = Levels seen in this place.
 G = Mean time per level.
                   A        B        C        D        E       F      G
               +--------+--------+--------+--------+--------+-----+--------+
         Total | 169415 | 160741 |   8674 |  47950 |  80728 |  94 | 1802.3 |
       Dungeon |  22958 |  19343 |   3615 |   3715 |  12515 |  15 | 1530.5 |
        Temple |      3 |      1 |      2 |      0 |      0 |   1 |    3.0 |
          Lair |  14293 |  13447 |    846 |   4444 |   6458 |   5 | 2858.6 |
        Shoals |   8273 |   8110 |    163 |   3956 |   2918 |   4 | 2068.2 |
   Spider Nest |   8289 |   7869 |    420 |   2510 |   4104 |   4 | 2072.2 |
    Slime Pits |   4703 |   4536 |    167 |   1550 |   2220 |   5 |  940.6 |
  Orcish Mines |   3507 |   3062 |    445 |   1200 |   1281 |   2 | 1753.5 |
   Elven Halls |   4742 |   4444 |    298 |   1507 |   2140 |   3 | 1580.7 |
        Vaults |  15755 |  14711 |   1044 |   4583 |   7340 |   5 | 3151.0 |
         Crypt |   7260 |   7059 |    201 |   2385 |   3153 |   3 | 2420.0 |
        Depths |  11317 |  10374 |    943 |   3481 |   4713 |   4 | 2829.2 |
          Hell |   2069 |   2048 |     21 |    590 |    929 |   1 | 2069.0 |
           Zot |  15641 |  15136 |    505 |   6586 |   6128 |   5 | 3128.2 |
         Abyss |    506 |    506 |      0 |     35 |     27 |   3 |  168.7 |
   Pandemonium |  46773 |  46773 |      0 |  10756 |  25199 |  14 | 3340.9 |
      Ziggurat |   2389 |   2389 |      0 |    408 |   1152 |  18 |  132.7 |
        Bazaar |     97 |     97 |      0 |      0 |     28 |   1 |   97.0 |
        Bailey |    831 |    831 |      0 |    242 |    419 |   1 |  831.0 |
               +--------+--------+--------+--------+--------+-----+--------+

Top non-repeatable levels by time:
   Zot:5: 7164 daAuts
  Lair:4: 4811 daAuts
Shoals:3: 4138 daAuts
Vaults:2: 4100 daAuts
  Lair:5: 3986 daAuts
Depths:4: 3811 daAuts
Vaults:4: 3232 daAuts
Vaults:3: 3003 daAuts
   Zot:1: 2969 daAuts
Vaults:1: 2902 daAuts
 Crypt:1: 2788 daAuts
 Crypt:3: 2691 daAuts
Depths:3: 2581 daAuts
Depths:2: 2559 daAuts
Vaults:5: 2518 daAuts
